Map: Wolfe Industries Compound

Players

JayEnfield

  • Race: Terran Terran
  • League: Silver
  • Spawn Location: 7:00

Grumm

  • Race: Protoss Protoss
  • League: Gold
  • Spawn Location: 7:00

NightMare

  • Race: Zerg Zerg
  • League: Diamond
  • Spawn Location: 3:00

DeadlyDave

  • Race: Terran Terran
  • Spawn Location: 12:00

VOD

Have the link to the VOD?

Description

Time

  • Played on: Jan. 7, 2016, 1:18 a.m.
  • Length: 17:23
Show
View Real Time Build Order
Export as new Build Order

JayEnfield Terran 

Build Orders: Liberator Opening 

Get SALT Encoding   

  12  0:01  SCV  
  13  0:13  SCV  
  14  0:21  Supply Depot  
  14  0:26  SCV  
  15  0:35  Refinery  
  15  0:43  Barracks  
  15  0:46  SCV  
  16  1:02  SCV  
  17  1:05  Refinery  
  17  1:14  SCV  
  18  1:26  SCV  
  19  1:38  SCV  
  20  1:42  Marine  
  20  1:45  Supply Depot  
  21  1:51  Factory  
  21  1:56  Supply Depot  
  21  1:59  Marine  
  22  2:15  Orbital Command  
  22  2:26  Barracks Reactor  
  22  2:31  Engineering Bay  
  22  2:39  Starport, Factory Reactor  
  22  3:08  Command Center  
  22  3:23  Factory Tech Lab  
  21  3:36  Liberator  
  21  3:38  Liberator  
  22  3:58  Marine  
  26  4:14  SCV  
  27  4:21  Marine x2  
  27  4:24  Siege Tank  
  32  4:26  SCV  
  33  4:31  SCV  
  33  4:36  Missile Turret  
  34  4:43  SCV  
  35  4:47  Terran Infantry Weapons Level 1  
  35  4:53  Barracks  
  35  4:56  Missile Turret  
  35  5:03  Marine x2  
  35  5:04  Widow Mine  
  39  5:12  SCV  
  40  5:14  SCV  
  41  5:24  SCV  
  42  5:47  Medivac x2  
  46  5:50  Barracks Tech Lab  
  46  6:16  Refinery  
  46  6:18  Refinery, SCV  
  46  6:21  SCV  
  48  6:29  Supply Depot x2  
  48  6:30  SCV  
  48  6:32  Medivac x2  
  51  6:33  SCV  
  54  6:50  Marine x2  
  54  6:51  Combat Shields, SCV x2  
  54  6:52  Supply Depot  
  54  6:53  Supply Depot  
  58  7:03  SCV x2  
  57  7:08  Marine x2  
  57  7:15  Supply Depot, SCV x2  
  61  7:17  Supply Depot  
  61  7:18  Marauder  
  63  7:23  Medivac  
  63  7:24  Medivac  
  63  7:26  Marine x2  
  63  7:27  Terran Infantry Armor Level 1  
  69  7:33  Missile Turret  
  69  7:37  Orbital Command  
  69  7:40  Marauder  
  69  7:44  Marine x2  
  71  7:50  Siege Tank  
  76  8:00  Marine  
  76  8:02  Marine x2  
  79  8:18  Marine  
  80  8:22  Marine x2, Siege Tank  
  85  8:36  Marine  
  85  8:40  Marine x2  
  88  8:54  Marauder  
  90  8:58  Marine x2  
  92  9:05  Siege Tank  
  92  9:06  Viking x2  
  99  9:15  Marine  
  99  9:16  Marauder  
  102  9:21  Building Armor  
  102  9:23  Marine  
  72  9:33  Marine  
  72  9:37  Marine  
  63  9:41  Marine  
  63  9:45  Widow Mine  
  64  9:48  Viking x2  
  64  9:51  Marine  
  71  9:54  Marine  
  71  9:58  Marine  
  73  10:04  Supply Depot x2  
  73  10:07  Supply Depot  
  73  10:09  Starport  
  73  10:11  Starport  
  73  10:12  Marine  
  73  10:13  Widow Mine  
  76  10:33  Command Center  
  76  10:42  Widow Mine, Missile Turret  
  78  10:43  Missile Turret  
  78  10:50  Sensor Tower  
  78  10:51  Medivac x2  
  82  10:59  Marauder  
  82  11:04  Missile Turret  
  84  11:06  Missile Turret  
  84  11:10  Widow Mine  
  86  11:20  Marauder  
  88  11:26  Missile Turret  
  88  11:27  Missile Turret  
  88  11:39  Widow Mine  
  86  11:47  Planetary Fortress  
  86  12:27  Starport Tech Lab x2  
  64  13:30  Refinery  
  64  13:31  Refinery  
  52  13:57  SCV  
  53  14:03  Medivac x4  
  53  14:08  Marine  
  53  14:09  Marine x2, SCV  
  65  14:13  Siege Tank  
  68  14:21  SCV  
  69  14:26  Marine  
  69  14:27  Marine x2  
  72  14:32  Command Center  
  72  14:33  Banshee x2, Viking x2  
  72  14:35  Command Center  
  82  14:44  Marine  
  82  14:45  Marine x2, Siege Tank  
  88  15:01  Hi-Sec Auto Tracking, Barracks  
  88  15:02  Marine x3  
  88  15:05  Armory  
  91  15:16  Banshee x2  
  91  15:17  Siege Tank  
  91  15:20  Marine x3  
  103  15:30  Barracks  
  103  15:31  Starport Tech Lab  
  103  15:37  Marine  
  103  15:38  Marine  
  103  15:39  Marauder, Missile Turret  
  103  15:41  Missile Turret  
  107  15:49  Siege Tank, Barracks  
  110  15:59  Marine x2  
  110  16:00  Marauder  
  114  16:17  Marine x2  
  116  16:21  Marauder, Siege Tank  
  121  16:27  Planetary Fortress  
  121  16:35  Marine x2  
  121  16:39  Planetary Fortress  
  123  16:43  Marauder  
  125  16:52  Marine  
Show
View Real Time Build Order
Export as new Build Order

Grumm Protoss 

Build Orders:  

Get SALT Encoding   

  12  0:02  Probe (Chrono Boost)  
  13  0:12  Probe (Chrono Boost)  
  14  0:23  Probe (Chrono Boost)  
  14  0:25  Pylon  
  15  0:35  Assimilator  
  15  0:44  Probe (Chrono Boost)  
  15  0:45  Gateway  
  16  0:54  Probe (Chrono Boost)  
  17  1:00  Assimilator  
  17  1:05  Probe (Chrono Boost)  
  17  1:11  Forge  
  18  1:15  Probe (Chrono Boost)  
  19  1:26  Pylon, Probe (Chrono Boost)  
  20  1:32  Zealot  
  20  1:37  Probe (Chrono Boost)  
  23  1:50  Pylon  
  24  1:54  Probe (Chrono Boost)  
  24  2:00  Cybernetics Core  
  24  2:03  Protoss Ground Weapons Level 1  
  24  2:18  Photon Cannon  
  24  2:25  Gateway  
  24  2:29  Probe (Chrono Boost)  
  25  2:36  Zealot  
  27  2:52  Probe (Chrono Boost)  
  28  3:00  Warp Gate  
  28  3:07  Twilight Council  
  28  3:08  Gateway  
  28  3:11  Pylon  
  28  3:16  Stalker  
  30  3:32  Stalker  
  32  4:12  Probe (Chrono Boost)  
  32  4:15  Gateway  
  33  4:17  Gateway  
  33  4:35  Gateway  
  33  4:41  Pylon  
  33  4:50  Pylon  
  33  4:59  Protoss Ground Armor Level 1  
  33  5:08  Nexus  
  33  5:18  Pylon  
  33  5:23  Pylon  
  33  5:26  Stalker  
  33  5:27  Stalker x2  
  39  5:33  Probe (Chrono Boost)  
  40  5:43  Probe (Chrono Boost)  
  40  5:46  Gateway  
  40  5:47  Gateway  
  41  5:51  Forge  
  41  6:07  Robotics Facility  
  41  6:12  Gateway  
  41  6:15  Probe (Chrono Boost)  
  43  6:33  Probe (Chrono Boost)  
  43  6:34  Assimilator  
  43  6:36  Assimilator  
  39  6:48  Protoss Shields Level 1  
  39  6:55  Dark Shrine  
  39  6:56  Photon Cannon  
  39  7:01  Photon Cannon  
  40  7:08  Observer  
  40  7:13  Zealot x2  
  44  7:16  Zealot  
  46  7:23  Protoss Ground Armor Level 2  
  46  7:25  Probe (Chrono Boost)  
  46  7:27  Probe (Chrono Boost)  
  48  7:35  Observer  
  48  7:36  Probe (Chrono Boost)  
  50  7:47  Pylon  
  50  7:49  Stalker x2  
  54  8:03  Probe x2 (Chrono Boost)  
  56  8:13  Probe x2 (Chrono Boost)  
  56  8:14  Dark Templar x3  
  56  8:15  Dark Templar  
  66  8:44  Zealot x2  
  66  8:45  Zealot  
  66  8:46  Zealot x2  
  76  8:50  Probe x2 (Chrono Boost)  
  76  8:55  Robotics Bay  
  76  9:01  Probe x2 (Chrono Boost)  
  78  9:11  Probe (Chrono Boost)  
  78  9:12  Probe (Chrono Boost)  
  80  9:30  Zealot x3  
  86  9:32  Dark Templar  
  86  9:33  Dark Templar x4  
  96  9:39  Archon  
  96  9:40  Archon  
  96  9:44  Probe (Chrono Boost)  
  97  9:46  Probe (Chrono Boost)  
  98  9:55  Probe (Chrono Boost)  
  98  9:57  Probe (Chrono Boost)  
  100  10:05  Probe (Chrono Boost)  
  101  10:07  Probe (Chrono Boost)  
  102  10:15  Pylon  
  102  10:21  Nexus  
  102  10:25  Pylon  
  102  10:32  Pylon  
  102  10:33  Probe (Chrono Boost)  
  103  10:36  Protoss Ground Weapons Level 2  
  103  10:37  Protoss Ground Armor Level 3  
  103  10:41  Dark Templar x2  
  107  10:43  Zealot  
  107  10:46  Archon  
  109  10:57  Disruptor  
  109  11:01  Pylon  
  109  11:02  Pylon  
  112  11:08  Stalker  
  112  11:09  Stalker  
  107  11:53  Dark Templar x2  
  107  11:54  Dark Templar x2  
  107  11:56  Zealot x2  
  107  11:57  Zealot x3  
  107  11:59  Archon x2  
  95  12:21  Photon Cannon  
  87  12:24  Photon Cannon  
  87  12:26  Photon Cannon  
  69  12:56  Zealot x4  
  69  12:57  Zealot x2  
  81  12:58  Zealot  
  81  12:59  Zealot x2  
  67  13:32  Zealot x2  
  36  14:22  Probe (Chrono Boost)  
  23  14:32  Probe (Chrono Boost)  
  23  14:51  Zealot  
  23  14:52  Zealot x2  
  29  14:53  Zealot x3  
  29  14:57  Disruptor  
  36  15:22  Nexus  
  36  15:43  Disruptor  
  39  15:54  Pylon, Probe (Chrono Boost)  
  40  16:05  Probe (Chrono Boost)  
  41  16:16  Probe (Chrono Boost)  
  42  16:26  Probe (Chrono Boost), Photon Cannon  
  43  16:37  Probe (Chrono Boost)  
  44  16:44  Pylon  
  44  16:45  Probe (Chrono Boost)  
  45  16:47  Probe (Chrono Boost)  
  46  16:56  Probe (Chrono Boost)  
  46  16:58  Probe (Chrono Boost)  
  40  17:06  Stalker  
  40  17:07  Stalker x2  
Show
View Real Time Build Order
Export as new Build Order

NightMare Zerg 

Build Orders: Hatch First, Lurkers 

Get SALT Encoding   

  12  0:00  Drone  
  13  0:14  Overlord  
  13  0:18  Drone  
  14  0:32  Drone x2  
  16  0:36  Drone  
  17  0:57  Hatchery  
  17  0:58  Drone  
  17  1:12  Spawning Pool  
  17  1:15  Extractor  
  17  1:18  Drone  
  16  1:24  Drone  
  17  1:26  Drone  
  18  1:39  Drone  
  19  1:45  Overlord  
  19  2:01  Drone  
  20  2:14  Zergling x2  
  20  2:15  Zergling x4, Queen x2  
  26  2:23  Drone x2  
  26  2:28  Metabolic Boost  
  28  2:32  Drone  
  29  2:39  Drone  
  30  2:48  Drone x2  
  32  2:52  Overlord  
  32  3:02  Drone  
  32  3:04  Overlord  
  33  3:14  Drone x2  
  33  3:19  Extractor  
  34  3:21  Drone, Extractor  
  35  3:27  Drone x4  
  35  3:32  Spore Crawler  
  37  3:34  Spore Crawler  
  37  3:40  Drone x4, Spore Crawler  
  39  3:41  Drone, Spore Crawler  
  39  3:45  Extractor  
  38  3:49  Lair  
  38  3:59  Drone x5  
  43  4:05  Drone x2  
  45  4:14  Spine Crawler  
  44  4:24  Hatchery  
  43  4:32  Roach Warren  
  43  4:33  Drone x4  
  46  4:42  Overlord  
  46  4:45  Overlord  
  46  4:49  Overlord  
  46  5:07  Queen  
  46  5:09  Extractor x2  
  46  5:12  Drone  
  47  5:15  Spire  
  47  5:21  Hydralisk Den  
  45  5:26  Overlord  
  45  5:28  Overlord  
  45  5:41  Drone x14  
  58  5:52  Hydralisk  
  58  5:53  Hydralisk x2  
  64  6:02  Hydralisk x2  
  68  6:05  Muscular Augments  
  68  6:06  Hydralisk x3  
  68  6:08  Hydralisk  
  76  6:15  Spine Crawler  
  76  6:16  Spine Crawler  
  74  6:19  Spine Crawler  
  73  6:30  Mutalisk x4  
  79  6:50  Drone x7  
  86  7:09  Overlord x2  
  86  7:10  Overlord x4  
  86  7:12  Zerg Flyer Weapons Level 1  
  86  7:15  Drone x3  
  88  7:16  Drone  
  88  7:20  Spore Crawler  
  88  7:21  Spore Crawler  
  88  7:23  Spore Crawler  
  87  7:31  Overlord  
  87  7:34  Overlord  
  87  7:35  Overlord  
  87  7:40  Glial Reconstitution  
  87  7:44  Lurker Den  
  87  7:45  Roach x3  
  87  7:46  Roach x7  
  105  8:08  Hydralisk x7  
  119  8:29  Drone x3, Hatchery  
  121  8:40  Drone x2  
  121  8:41  Drone  
  124  8:46  Ravager x9  
  124  8:47  Ravager  
  134  8:48  Overlord x5  
  134  8:49  Overlord x4  
  134  8:53  Pneumatized Carapace  
  133  9:00  Spore Crawler, Extractor  
  133  9:01  Extractor  
  130  9:10  Overlord  
  130  9:14  Overlord  
  115  9:41  Overseer x4  
  115  9:49  Lurker  
  115  9:50  Lurker x4  
  120  9:56  Zergling x2  
  120  9:57  Zergling x36  
  139  10:04  Drone x3  
  142  10:10  Zerg Flyer Weapons Level 2  
  142  10:13  Queen  
  144  10:30  Infestation Pit  
  144  10:34  Evolution Chamber  
  142  10:36  Evolution Chamber  
  138  11:33  Hydralisk x2  
  138  11:34  Hydralisk x19  
  138  11:37  Zergling x26  
  138  11:39  Hive  
  193  11:40  Zerg Ground Armor Level 1, Zerg Missile Weapons Level 1  
  193  11:46  Baneling Nest  
  162  11:57  Overseer  
  162  11:58  Overseer x3  
  162  12:26  Zerg Flyer Armor Level 1  
  162  12:34  Lurker x7  
  138  13:15  Hydralisk x7  
  138  13:16  Hydralisk x5  
  138  13:17  Zergling x20  
  135  13:26  Zergling x2  
  110  13:48  Roach  
  110  13:49  Roach x8  
  110  13:54  Lurker x8  
  134  13:57  Zergling x10  
  134  14:01  Hatchery  
  115  14:50  Drone x4  
  115  14:51  Drone x5  
  116  15:20  Hydralisk x13  
  142  15:22  Ravager x9  
  142  15:24  Hydralisk x6  
  163  15:29  Queen  
  165  15:41  Drone  
  165  15:42  Drone, Spore Crawler  
  166  15:59  Extractor  
  166  16:00  Extractor  
  166  16:01  Zergling x2  
  165  16:08  Drone x7  
  165  16:09  Drone x2  
  175  16:32  Zergling x2  
  175  16:33  Zergling x32  
Show
View Real Time Build Order
Export as new Build Order

DeadlyDave Terran 

Build Orders: Reaper Expand 

Get SALT Encoding   

  12  0:01  SCV  
  13  0:13  SCV  
  14  0:27  Supply Depot  
  14  0:31  Refinery  
  14  0:33  SCV  
  15  0:50  Barracks  
  15  0:55  SCV  
  16  1:07  SCV  
  17  1:30  SCV  
  17  1:32  Command Center  
  18  1:37  Reaper  
  19  1:43  Supply Depot  
  19  1:48  SCV  
  20  2:04  Orbital Command  
  20  2:09  Reaper  
  20  2:13  Supply Depot  
  21  2:30  Refinery  
  21  2:34  SCV  
  21  2:36  Factory  
  23  2:52  SCV  
  23  2:53  Marine  
  24  3:04  SCV  
  25  3:09  SCV, Barracks  
  25  3:11  Engineering Bay  
  26  3:16  SCV  
  25  4:10  Barracks Tech Lab, Barracks Reactor  
  25  4:12  Factory Tech Lab  
  25  4:14  SCV  
  26  4:23  Terran Infantry Weapons Level 1  
  26  4:26  SCV  
  26  4:31  Marauder  
  29  4:33  Siege Tank  
  29  4:35  Combat Shields  
  29  4:36  Barracks  
  29  4:38  SCV  
  33  4:41  Command Center  
  33  4:46  Orbital Command  
  33  4:48  Refinery  
  33  4:50  Refinery, SCV  
  34  5:02  Missile Turret, SCV  
  35  5:09  Marine x3  
  35  5:10  Starport  
  35  5:12  SCV  
  39  5:14  SCV  
  40  5:23  Missile Turret  
  40  5:24  SCV  
  40  5:26  SCV  
  40  5:27  Missile Turret, Marine x3  
  45  5:29  Missile Turret  
  44  5:38  SCV  
  44  5:44  Marine x2  
  44  5:45  Marine x2  
  47  5:50  Missile Turret, SCV  
  47  5:52  Viking  
  50  6:01  Marine  
  50  6:02  Marine  
  50  6:03  Marine x2  
  54  6:19  Marine  
  54  6:20  Marine x3  
  54  6:22  Viking  
  54  6:24  SCV  
  61  6:36  SCV  
  61  6:37  Marine  
  61  6:38  Marine  
  64  6:48  SCV  
  64  6:52  Viking  
  66  7:06  SCV  
  67  7:18  SCV  
  68  7:26  Refinery  
  68  7:30  Refinery  
  68  7:31  SCV  
  69  7:44  SCV x2  
  69  7:47  Marauder  
  69  7:48  Barracks  
  69  7:49  Engineering Bay  
  69  7:53  Barracks Tech Lab  
  69  7:56  SCV x2  
  73  8:04  Marine  
  73  8:05  Marine  
  75  8:06  Supply Depot  
  75  8:07  Marine  
  75  8:08  SCV  
  75  8:09  Medivac  
  77  8:20  SCV x2  
  77  8:22  Marine  
  77  8:23  Marine  
  81  8:29  Supply Depot  
  81  8:32  SCV  
  82  8:39  Medivac, Marauder x2, Marine  
  82  8:40  Marine x2  
  91  8:44  SCV  
  92  8:52  Command Center, Supply Depot  
  92  8:53  Planetary Fortress  
  92  8:56  SCV  
  92  8:57  Marine  
  92  8:58  Marine  
  92  9:00  Marauder x2  
  99  9:09  Medivac  
  101  9:16  Supply Depot  
  101  9:32  Marine x2  
  101  9:33  Marine x3  
  101  9:35  Stimpack  
  101  9:37  Concussive Shells  
  106  9:39  Medivac, Supply Depot  
  108  9:50  Marine x3  
  108  9:51  Marine x2  
  113  9:53  SCV, Barracks  
  114  10:02  Supply Depot  
  114  10:03  Terran Infantry Armor Level 1  
  114  10:08  Marine x2  
  114  10:09  Marine, Armory  
  114  10:10  SCV  
  114  10:12  Supply Depot  
  120  10:15  Marine x2  
  120  10:18  Starport Reactor  
  120  10:22  SCV  
  120  10:25  Supply Depot  
  120  10:26  Supply Depot, Marine  
  120  10:27  Marauder  
  124  10:35  Supply Depot  
  124  10:43  Barracks  
  124  10:47  Supply Depot  
  124  10:50  Supply Depot, Planetary Fortress  
  124  10:56  SCV  
  125  11:00  Armory  
  125  11:02  Missile Turret  
  125  11:09  SCV  
  125  11:10  Supply Depot  
  126  11:14  Supply Depot  
  126  11:21  SCV  
  126  11:23  Missile Turret  
  116  11:33  Supply Depot  
  117  11:47  Missile Turret, SCV  
  117  11:48  Missile Turret  
  117  11:51  Marauder x2  
  117  11:52  Barracks Tech Lab x3  
  121  11:55  Marine x2  
  121  11:59  SCV  
  124  12:10  Missile Turret  
  124  12:11  SCV  
  124  12:12  Marauder x2, Marine  
  124  12:13  Marine  
  131  12:20  Marauder  
  131  12:21  Marauder x2  
  137  12:23  SCV  
  138  12:30  Marine x2  
  138  12:33  Marine  
  138  12:34  Marauder  
  138  12:35  SCV  
  142  12:42  Marauder x3  
  141  12:48  Marine x2  
  126  12:51  Marine  
  126  12:54  Marine  
  125  12:58  Medivac  
  125  13:03  Marauder x3  
  133  13:06  Marine x2  
  133  13:09  Marine  
  136  13:13  Marauder  
  136  13:14  Command Center  
  138  13:24  Marine  
  138  13:25  Marauder x3  
  144  13:27  Marauder  
  125  13:34  Marauder  
  125  13:35  Medivac x2  
  129  13:42  Terran Infantry Armor Level 2  
  129  13:45  Terran Infantry Weapons Level 2  
  129  13:46  Marauder x3  
  135  13:49  Marauder  
  135  13:55  Refinery  
  139  13:56  Marauder  
  139  13:58  Refinery  
  139  14:05  Medivac x2  
  139  14:07  Marauder  
  139  14:08  Marauder x2  
  124  14:10  Marauder  
  122  14:17  Marauder  
  120  14:29  Marauder x3  
  120  14:30  Siege Tank  
  129  14:31  Marauder  
  133  14:38  Marauder  
  133  14:50  Marauder x3  
  141  14:53  Marauder  
  143  15:00  Marauder  
  143  15:02  Siege Tank  
  146  15:11  Marine x3  
  146  15:14  Marine  
  149  15:17  Medivac x2  
  149  15:19  Command Center  
  149  15:20  Marine  
  154  15:23  Terran Vehicle Weapons Level 1  
  154  15:24  Fusion Core  
  154  15:29  Marine x3  
  154  15:31  Marine  
  154  15:34  Siege Tank  
  161  15:38  Marine  
  162  15:47  Medivac x2, Marine x3  
  162  15:49  Marine  
  170  15:56  Marine  
  171  16:05  Marauder, Marine x2  
  171  16:06  Siege Tank  
  171  16:07  Marine  
  179  16:11  Fusion Core  
  179  16:17  Medivac x2, Marauder  
  185  16:23  Marauder x2  
  185  16:25  Marine  
  190  16:26  Marine  
  191  16:37  Marine  
  191  16:38  Siege Tank  
  195  16:43  Marine  
  195  16:44  Marine x3  
  199  16:55  Marine  
  199  17:00  Marine  
  181  17:01  Marine  
  181  17:02  Marine x2  
Tags
 
Add a new tag
Caveats
  • Supply blocks, unpowered buildings, or Contaminate may cause inaccurate times.
  • Supply counts are checked every 10 seconds.